 Dungeon Crawl Stone Soup version 0.29-a0-700-g2f1814c7b2 (webtiles) character file.

Game seed: 8033777848916225931

2580 buhh the Quickloader (level 9, -5/64 HPs)
             Began as a Formicid Hunter on June 25, 2022.
             Was a Follower of Hepliaklqana.
             Slain by an orc warrior
             ... wielding a +0 halberd
              (14 damage)
             ... on level 7 of the Dungeon.
             The game lasted 00:22:59 (8757 turns).

buhh the Quickloader (Formicid Hunter)              Turns: 8757, Time: 00:23:00

Health: -5/64      AC:  5    Str: 22    XL:     9   Next: 88%
Magic:  9/9        EV: 13    Int:  9    God:    Hepliaklqana [*.....]
Gold:   475        SH:  0    Dex: 16    Spells: 8/8 levels left

rFire   + . .      SeeInvis +   a - +1 hand crossbow
rCold   + . .      Faith    .   (no shield)
rNeg    . . .      Spirit   .   p - +1 robe of Fyfownem {Regen+ Str+3 Dex-4}
rPois   +          Reflect  .   (helmet unavailable)
rElec   .          Harm     .   x - scarf {rC+ rF+}
rCorr   .          Rampage  .   k - +0 pair of gloves
Will    .....                   u - +0 pair of boots
Stlth   ++++......              (no amulet)
HPRegen 1.00/turn               (no ring)
MPRegen 0.11/turn               (no ring)

@: no status effects
A: reduced essence, permanent stasis, dig shafts and tunnels, antennae 3, four
strong arms, poison resistance, strong 1
a: Dig, Shaft Self, Renounce Religion, Recall Ancestor, Ancestor Identity


You were on level 7 of the Dungeon.
You worshipped Hepliaklqana.
Hepliaklqana was aware of your devotion.
You visited 2 branches of the dungeon, and saw 11 of its levels.

You collected 475 gold pieces.

Inventory:

Hand Weapons
 a - a +1 hand crossbow (weapon)
Missiles
 j - 34 poisoned darts
 o - 6 atropa-tipped darts
 B - 2 throwing nets {!f}
 C - 2 curare-tipped darts
Armour
 b - a +0 leather armour
 k - a +0 pair of gloves (worn)
 p - the +1 robe of Fyfownem (worn) {Regen+ Str+3 Dex-4}
   (You found it on level 9 of the Dungeon)

   Str:       It affects your strength (+3).
   Dex:       It affects your dexterity (-4).
   Regen:     It increases your rate of health regeneration.
 u - a +0 pair of boots (worn)
 x - a scarf of resistance (worn)
Magical Staves
 d - a staff of cold
Jewellery
 h - a ring of wizardry
 q - a ring of flight
 r - a ring of positive energy
Wands
 y - a wand of polymorph (7)
Scrolls
 c - a scroll of noise {unknown}
 g - a scroll of identify {!d}
 m - a scroll of silence {!r}
 n - 2 scrolls of blinking {unknown}
 t - 2 scrolls of teleportation {!d}
 v - 2 scrolls of vulnerability {unknown}
 w - 3 scrolls of poison {unknown}
 A - a scroll of torment {unknown}
 T - 3 scrolls of immolation {!d}
 X - 2 scrolls of amnesia
 Z - a scroll of enchant armour
Potions
 e - a potion of ambrosia {unknown}
 f - 3 potions of might
 l - 4 potions of attraction {unknown}
 s - 2 potions of heal wounds {unknown}
 z - a potion of cancellation {unknown}
 H - a potion of invisibility {!q!d}
 K - a potion of brilliance {!q!d}
 L - a potion of resistance {!q!d}


   Skills:
 - Level 7.1 Fighting
 * Level 9.2 Crossbows
 - Level 4.5 Armour
 - Level 3.0 Dodging
 - Level 7.0 Stealth


You had 8 spell levels left.
You didn't know any spells.
Your spell library contained the following spells:

 Spells                   Type           Power      Damage    Failure   Level
 Static Discharge         Conj/Air       0%         N/A       52%         2
 Gell's Gravitas          Tloc           0%         N/A       77%         3
 Teleport Other           Tloc           0%         N/A       77%         3
 Dispel Undead            Necr           0%         3d6       99%         4
 Passage of Golubria      Tloc           0%         N/A       99%         4
 Sticky Flame             Conj/Fire      0%         2d3       99%         4
 Silence                  Hex/Air        0%         N/A       100%        5
 Dispersal                Tloc           0%         N/A       100%        6
 Lehudib's Crystal Spear  Conj/Erth      0%         10d2      100%        8


Dungeon Overview and Level Annotations

Branches:
Dungeon (10/15) Zot: 25487  Temple (1/1) D:6 Zot: 5705    Lair (0/6) D:9
    Orc: D:9-12

Altars:
Ashenzari
Cheibriados
Dithmenos
Elyvilon
Fedhas
Gozag
Hepliaklqana
Kikubaaqudgha
Makhleb
Nemelex Xobeh
Okawaru
Qazlal
Sif Muna
Trog
Uskayaw
Vehumet
Wu Jian
Xom
Yredelemnul
Zin
The Shining One

Shops:
D:5 *

Annotations:
D:8 exclusion: wight


Innate Abilities, Weirdness & Mutations

Your life essence is reduced to manifest your ancestor. (-10% HP)
You cannot be hasted, slowed, berserked, paralysed or teleported.
You can dig through walls and to a lower floor.
You have a pair of large antennae on your head. (SInv)
Your four strong arms can wield two-handed weapons with a shield.
Your system is resistant to poisons. (rPois)
Your muscles are strong. (Str +4, Int/Dex-1)


Message History

You shoot a bolt. Yayatum avoids your attack.
The bolt hits the orc warrior but does no damage.
The orc warrior is heavily wounded.
The orc warrior barely misses Yayatum.
Yayatum hits the orc warrior.
You shoot a bolt. Yayatum avoids your attack.
The bolt hits the orc warrior.
The orc warrior is severely wounded.
The orc warrior barely misses Yayatum.
Yayatum hits the orc warrior.
You shoot a bolt. Yayatum avoids your attack.
The bolt barely misses the orc warrior.
The orc warrior hits Yayatum with a +0 halberd!
Yayatum is destroyed!
You shoot a bolt. The bolt hits the orc warrior.
The orc warrior is severely wounded.
You shoot a bolt.
The bolt closely misses the orc warrior.
The orc warrior barely misses you. x2
You shoot a bolt.
The bolt hits the orc warrior but does no damage.
The orc warrior is severely wounded.
The orc warrior hits you from afar with a +0 halberd!
You shoot a bolt. The bolt barely misses the orc warrior.
The orc warrior hits you but does no damage.
You shoot a bolt. The bolt hits the orc warrior.
The orc warrior is severely wounded.
The orc warrior hits you from afar with a +0 halberd!!
You are too injured to fight recklessly!
Shoot: a) +1 hand crossbow
Press: ? - help, Q - select action, (/) - cycle Shift-Dir - straight line, f/p - orc warrior
Aim: an orc warrior, wielding a +0 halberd and wearing a +0 plate armour (severely wounded, 69% to hit)
You shoot a bolt.
The bolt hits the orc warrior but does no damage.
The orc warrior is severely wounded.
The orc warrior hits you from afar with a +0 halberd!!
* * * LOW HITPOINT WARNING * * *
Really read
i - a scroll of fear {!r}?
As you read the scroll of fear {!r}, it crumbles to dust.
You assume a fearsome visage.
The orc warrior resists with some effort.
The orc warrior hits you from afar with a +0 halberd!
You die...

#####..........###.###.#.........
#.###.[o...##..###.#..#.###..
#.#...#...###.###..#..#.# ##.
#.#.##..)......##.##....####.
..#......###.#.†#.##.....#...
.#####....#..##......##...... ..
#[...o.####....###......
#...##..###.#.##........
....##.@....#.##.##.....
#)...##.#.........##.....
.#....#.######.....#.....
{.#.......#####...........
..#....#........####......
.............###..... .#
.........[.# #..... .. .#
#....<.# #..... #......# #.....


You could see an orc warrior.

Vanquished Creatures
  A water moccasin (D:8)
  2 ice beasts
  2 sky beasts (D:7)
  A black bear (D:6)
  3 ogres
  2 centaurs
  2 phantoms
  2 kobold brigands
  A bullfrog (D:7)
  2 scorpions (D:5)
  A wight (D:8)
  3 killer bees
  3 hounds
  3 jellies
  3 orc priests
  4 orc wizards
  6 gnolls
  5 adders
  2 ufetubi (D:5)
  2 worms (D:3)
  4 dart slugs
  22 orcs
  6 ball pythons
  8 endoplasms
  2 giant cockroaches
  6 hobgoblins
  3 jackals (D:4)
  4 quokkas
  4 bats
  8 frilled lizards
  6 goblins
  24 kobolds
  5 rats
152 creatures vanquished.

Vanquished Creatures (collateral kills)
  A phantom (D:4)
  A kobold brigand (D:8)
  A scorpion (D:4)
  2 jellies (D:4)
  An iguana (D:5)
  4 gnolls
  A white imp (D:5)
  2 orcs
  2 giant cockroaches (D:4)
  2 goblins (D:4)
  A hobgoblin (D:4)
  4 kobolds (D:8)
22 creatures vanquished.

Vanquished Creatures (others)
  An ancestor (D:7)
1 creature vanquished.

Grand Total: 175 creatures vanquished

Notes
Turn   | Place    | Note
-------+----------+-------------------------------------------
     0 | D:1      | buhh the Formicid Hunter began the quest for the Orb.
     0 | D:1      | Reached XP level 1. HP: 16/16 MP: 1/1
   169 | D:1      | Reached XP level 2. HP: 23/23 MP: 2/2
   551 | D:1      | Reached XP level 3. HP: 28/28 MP: 3/3
  1044 | D:2      | Reached XP level 4. HP: 35/35 MP: 4/4
  1141 | D:2      | Found a shadowy altar of Dithmenos.
  1479 | D:3      | Reached XP level 5. HP: 41/41 MP: 5/5
  1701 | D:3      | Found a faded altar of an unknown god.
  2201 | D:4      | Noticed a phantom
  2225 | D:4      | You fall into a shaft and drop 3 floors!
  2525 | D:7      | Noticed a phantom
  2748 | D:8      | Reached XP level 6. HP: 37/39 MP: 6/6
  2779 | D:8      | Noticed an orc warrior
  2949 | D:8      | Noticed a two-headed ogre
  2951 | D:7      | Noticed an orc warrior
  2977 | D:7      | Noticed a sky beast
  3203 | D:8      | Reached skill level 5 in Crossbows
  3525 | D:9      | Reached XP level 7. HP: 16/55 MP: 7/7
  3857 | D:9      | Identified the +1 robe of Fyfownem {Regen+ Str+3 Dex-4}
  3937 | D:9      | Found a burning altar of Makhleb.
  3937 | D:9      | Found a snail-covered altar of Cheibriados.
  3940 | D:9      | Found a glowing silver altar of Zin.
  3944 | D:9      | Found a shimmering blue altar of Sif Muna.
  3944 | D:9      | Found a basalt altar of Yredelemnul.
  3956 | D:10     | Entered Level 10 of the Dungeon
  4112 | D:9      | Found a staircase to the Lair.
  5094 | D:8      | Reached XP level 8. HP: 58/62 MP: 8/8
  5197 | D:7      | Reached skill level 6 in Crossbows
  5643 | D:7      | HP: 3/64 [orc warrior/+0 halberd (17)]
  5645 | D:8      | HP: 1/64 [poisoned by an orc (curare-tipped dart)]
  5648 | D:8      | Gained mutation: Your muscles are strong. (Str +4,
                  | Int/Dex-1) [potion of mutation]
  5648 | D:8      | Gained mutation: Your system is resistant to poisons.
                  | (rPois) [potion of mutation]
  6107 | D:6      | Found a staircase to the Ecumenical Temple.
  6113 | Temple   | Entered the Ecumenical Temple
  6213 | Temple   | Became a worshipper of Hepliaklqana the Forgotten
  6700 | D:6      | Reached XP level 9. HP: 71/71 MP: 9/9
  6787 | D:6      | Reached skill level 7 in Crossbows
  6945 | D:7      | You fall into a shaft and drop 2 floors!
  7268 | D:5      | Entered Level 5 of the Dungeon
  7365 | D:5      | Found Zoeceyve's Lightly-Used Armoury.
  7478 | D:5      | Reached * piety under Hepliaklqana
  7818 | D:5      | Reached skill level 8 in Crossbows
  8100 | D:4      | Reached skill level 9 in Crossbows
  8173 | D:4      | Found an ornate altar of the Wu Jian Council.
  8174 | D:4      | Found a sparkling altar of Nemelex Xobeh.
  8447 | D:4      | Found Uhea's Armour Shoppe.
  8757 | D:7      | Slain by an orc warrior

Illustrated notes

Levels and vault maps discovered:
D:1:      minmay_arrival_jagged, layout_loops_ring, grunt_decor_fettered
D:2:      layout_basic, basic_altar
D:3:      layout_loops_ring, hellmonk_ecumenical_altar_crossroads
D:4:      layout_rooms, jmf_multi_god_temple, serial_shops, nicolae_shop_crystal
D:5:      layout_loops_cross, minmay_shop_damaged
D:6:      layout_basic, minmay_temple_entry_enclosed_plants
D:7:      layout_rooms, nicolae_ru_great_annihilating_truth
D:8:      layout_basic
D:9:      layout_loops_corners, nicolae_overflow_hidden_temple,
          lair_entry_dummy, minmay_orc_entry_guard_dogs, eino_house_with_fridge
D:10:     layout_long_grid, uniq_sonja, uniq_lodul
Temple:   minmay_temple_curvy_branch

Skill      XL: |  1  2  3  4  5  6  7  8  9 |
---------------+----------------------------+-----
Stealth        | 2 3 4 5 7 |  7.0
Fighting       | 3 4 5 6 7 |  7.1
Dodging        | 2 3 |  3.0
Armour         | 1 2 4 |  4.5
Crossbows      | 5 6 9 |  9.2

Action                   |  1- 3 |  4- 6 |  7- 9 || total
-------------------------+-------+-------+-------++-------
 Fire: Hand crossbow     |    60 |   131 |   437 ||   628
 Abil: Dig               |     1 |     2 |     2 ||     5
       Shaft Self        |       |     1 |     1 ||     2
  Use: Scroll            |       |     5 |     5 ||    10
       Potion            |       |     2 |     8 ||    10
Armor: Leather armour    |     4 |    12 |       ||    16
       Skin              |       |    13 |    31 ||    44
       Robe              |       |       |    47 ||    47
Dodge: Dodged            |     7 |    40 |   143 ||   190

Table legend: (Time is in decaauts)
 A = Elapsed time spent in this place.
 B = Non-inter-level travel time spent in this place.
 C = Inter-level travel time spent in this place.
 D = Time resting spent in this place.
 E = Time spent auto-exploring this place.
 F = Levels seen in this place.
 G = Mean time per level.
                   A        B        C        D        E       F      G
               +--------+--------+--------+--------+--------+-----+--------+
         Total |   8890 |   8106 |    784 |   2056 |   3936 |  11 |  808.2 |
       Dungeon |   8595 |   7850 |    745 |   2056 |   3682 |  10 |  859.5 |
        Temple |    294 |    255 |     39 |      0 |    254 |   1 |  294.0 |
               +--------+--------+--------+--------+--------+-----+--------+

Top non-repeatable levels by time:
     D:8: 1932 daAuts
     D:7: 1281 daAuts
     D:9: 910 daAuts
     D:3: 885 daAuts
     D:1: 860 daAuts
     D:6: 797 daAuts
     D:5: 720 daAuts
     D:4: 587 daAuts
     D:2: 587 daAuts
  Temple: 294 daAuts
    D:10: 30 daAuts
